 Dungeon Crawl Stone Soup version 0.30.1-3-gfc49f6343a (webtiles) character file.

Game seed: 10384263672159645003

199 Peloso the Covered (level 5, 0/47 HPs)
             Began as a Minotaur Fighter on Aug 1, 2023.
             Splashed by a jelly's acid (6 damage)
             ... on level 2 of the Dungeon.
             The game lasted 00:03:30 (1984 turns).

Peloso the Covered (Minotaur Fighter)               Turns: 1984, Time: 00:03:31

Health: 0/47       AC: -3    Str: 21    XL:     5   Next: 48%
Magic:  4/4        EV:  9    Int:  5    God:
Gold:   74         SH:  4    Dex: 11    Spells: 4/4 levels left

rFire   . . .        a - +0 long sword
rCold   . . .        c - +0 buckler
rNeg    . . .        b - +0 scale mail
rPois   .            f - +1 hat
rElec   .            (no cloak)
rCorr   .            (no gloves)
SInv    .            (no boots)
Will    .....        (no amulet) Stlth
                     (no ring)
HPRegen 0.27/turn    (no ring)
MPRegen 0.09/turn

%: no passive effects
@: corroded
A: horns 2, retaliatory headbutt
a: no special abilities


You were on level 2 of the Dungeon.
You visited 1 branch of the dungeon, and saw 2 of its levels.

You collected 86 gold pieces.
You spent 12 gold pieces at shops.

Inventory:

Hand Weapons
 a - a +0 long sword (weapon)
Armour
 b - a +0 scale mail (worn)
 c - a +0 buckler (worn)
 f - a +1 hat (worn)
Scrolls
 e - a scroll of noise
 h - a scroll of amnesia {unknown}
 i - 2 scrolls of fear {unknown}
 j - a scroll of immolation {unknown}
 k - a scroll of enchant armour {unknown}
 l - 2 scrolls of teleportation {unknown}
 m - 2 scrolls of identify {unknown}
 n - a scroll of fog {unknown}
Potions
 d - a potion of might
 g - a potion of curing
 o - a potion of lignification {unknown}


   Skills:
 + Level 4.6 Fighting
 + Level 4.0 Long Blades
 + Level 5.6 Armour
 + Level 0.8 Dodging
 + Level 4.1 Shields


You had 4 spell levels left.
You didn't know any spells.
Your spell library was empty.

Dungeon Overview and Level Annotations

Branches:
Dungeon (2/15)

Altars:

Shops:
D:2 *

Annotations:
D:2 1 runed translucent door, Crazy Yiuf


Innate Abilities, Weirdness & Mutations

You have a pair of horns on your head.
You reflexively headbutt those who attack you in melee.


Message History

There is an open door here.
The endoplasm attacks as you move away! The endoplasm hits you.
The endoplasm attacks as you move away! You block the endoplasm's attack.
The endoplasm attacks as you move away! The endoplasm closely misses you.
Things that are here:
a +0 dagger; a +0 dagger You hit the endoplasm.
You headbutt the endoplasm.
You kill the endoplasm!
You hit the endoplasm. Your headbutt misses the endoplasm.
The endoplasm is moderately wounded.
The endoplasm hits you but does no damage.
You slash the endoplasm!
You kill the endoplasm!
You hit the jelly. The acid corrodes you!
Your hands burn!
The jelly is lightly wounded.
The jelly closely misses you.
You hit the jelly.
Your hands burn!
The jelly is heavily wounded.
The jelly hits you. The acid corrodes you!
You are splashed with acid!
The jelly hits you.
You are splashed with acid!
You hit the jelly.
Your hands burn!
The jelly is heavily wounded.
The jelly hits you. The acid corrodes you!
You are splashed with acid!
* * * LOW HITPOINT WARNING * * *
You completely miss the jelly.
The jelly is heavily wounded.
The jelly closely misses you.
You hit the jelly but do no damage.
Your hands burn!
* * * LOW HITPOINT WARNING * * *
You headbutt the jelly, but do no damage.
The jelly is heavily wounded.
The jelly misses you.
You hit the jelly.
Your hands burn!
* * * LOW HITPOINT WARNING * * *
Your headbutt misses the jelly.
The jelly is severely wounded.
The jelly hits you.
* * * LOW HITPOINT WARNING * * *
You are splashed with acid.
You die...

#.# #..#....#.# #.# #.#
##...#....######.### #.#
###............[....
####.###...###.....######..
#......##### #######..# ##.
########### ##.####.
#######.##...÷.!# #......
#####....#.#.#...P..#######..
#.##.....#.#@#..÷...##..# #..
##.'....).#'#J#....÷.###.# #..
#..'........#J#.J....# #.###..
#).'........#.#..JJP.###......
#..##.......#.#....÷.##..(..#.
#)####...(..##'÷JP...##.......
#.#############......####.....
#...#### #########..##..
###....## ### ###..###.#


You could see a jelly and an endoplasm.

Vanquished Creatures
  2 jellies
  Natasha (thrice) (D:2)
  A worm (D:2)
  A dart slug (D:2)
  3 bats
  10 endoplasms
  3 giant cockroaches (D:2)
  3 goblins
  5 hobgoblins
  3 jackals (D:2)
  2 quokkas
  2 ball pythons
  2 frilled lizards (D:2)
  15 kobolds
  A rat (D:1)
56 creatures vanquished.

Notes
Turn   | Place    | Note
-------+----------+-------------------------------------------
     0 | D:1      | Peloso the Minotaur Fighter began the quest for the Orb.
     0 | D:1      | Reached XP level 1. HP: 19/19 MP: 0/0
   439 | D:1      | Reached XP level 2. HP: 27/27 MP: 1/1
   476 | D:1      | Reached skill level 4 in Armour
  1138 | D:2      | Found Udiomuiv's General Store.
  1208 | D:2      | Bought a scroll of noise for 12 gold pieces
  1252 | D:2      | Noticed Natasha
  1259 | D:2      | Reached XP level 3. HP: 33/33 MP: 2/2
  1261 | D:2      | Killed Natasha
  1331 | D:2      | Noticed Natasha
  1344 | D:2      | Killed Natasha
  1345 | D:2      | Reached XP level 4. HP: 32/41 MP: 3/3
  1455 | D:2      | Noticed Natasha
  1461 | D:2      | Killed Natasha
  1462 | D:2      | Reached skill level 5 in Armour
  1518 | D:2      | Found a runed translucent door.
  1519 | D:2      | Noticed Crazy Yiuf
  1757 | D:2      | Reached XP level 5. HP: 8/47 MP: 4/4
  1773 | D:2      | HP: 1/47 [endoplasm (3)]
  1984 | D:2      | Splashed by a jelly's acid

Illustrated notes

Levels and vault maps discovered:
D:1:      lightli_arrival_maybe_door_vault, layout_basic,
          chequers_serial_rivers_large_a, amcnicky_mini_rare_corridor_liquid
D:2:      cheibrodos_fertilizer, layout_rooms, serial_shops, shop,
          uniq_crazy_yiuf_cottage, uniq_natasha

Skill      XL: |  1  2  3  4  5 |
---------------+----------------+-----
Fighting       | 4 |  4.6
Armour         | 4 5 |  5.6
Long Blades    | 3 4 |  4.0
Shields        | 4 |  4.1
Dodging        | |  0.8

Action                     |  1- 3 |  4- 6 || total
---------------------------+-------+-------++-------
  Melee: Long sword        |    73 |    56 ||   129
         Headbutt          |    11 |     6 ||    17
    Use: Potion            |     3 |     1 ||     4
         Scroll            |     1 |       ||     1
 Armour: Scale mail        |    43 |    20 ||    63
  Dodge: Dodged            |    37 |    27 ||    64
  Block: Buckler           |    16 |    17 ||    33
